AoeStats
← Capt_Obv

Arena

508991020Analyzed
1v1 RM · 6d ago on Sep 25, 2026· 56m 46s· 2 players
Game mode
Random Map
Map size
Tiny (2 player)
Population
200
Speed
Normal
Resources
Standard
Victory
Conquest
Starting age
Dark Age
Ending age
Imperial Age
RankedLock teamsTeams togetherTeam positionsShared explorationLock speedFull tech treeHidden civsTurbo modeCheats
Victory
Defeat
🇧🇷 Franks · Brazil
336
+7
🇺🇸 Celts · United States
124
-7
Capt_Obv
10:08 Feudal Age
11:55 Loom
15:01 Scale Mail Armor
16:35 Wheelbarrow
21:06 Horse Collar
21:28 Double-Bit Axe
21:57 Forging
21:14 Man-at-Arms
21:58 Arson
27:09 Castle Age
28:54 Chain Mail Armor
29:15 Iron Casting
34:16 Padded Archer Armor
34:23 Scale Barding Armor
34:09 Fletching
36:42 Stronghold
38:09 Gambesons
40:06 Long Swordsman
40:11 Pikeman
42:29 Husbandry
41:50 Light Cavalry
43:59 Leather Archer Armor
43:39 Bodkin Arrow
44:05 Chain Barding Armor
53:04 Imperial Age
50:52 Hand Cart
53:53 Halberdier
54:00 Halberdier
57:15 Hoardings
marlonlima104386
0:52 Loom
12:48 Feudal Age
13:18 Double-Bit Axe
14:15 Wheelbarrow
19:36 Castle Age
18:26 Gold Mining
21:50 Fervor
23:01 Gold Shaft Mining
23:03 Bow Saw
26:05 Husbandry
26:17 Scale Barding Armor
26:24 Forging
30:23 Imperial Age
28:25 Chain Barding Armor
31:54 Iron Casting
34:50 Cavalier
36:42 Hand Cart
38:12 Plate Barding Armor
39:48 Blast Furnace
40:26 Paladin
Connection lost

Rejoining the realm…

Still unreachable

The connection could not be restored.

Session expired

The server has moved on; the page needs a fresh start.